Map: Frostline LE

Players

DrMandingo - Winner!

  • Race: Terran Terran
  • League: Master
  • Spawn Location: 1:00

Thalleous

  • Race: Protoss Protoss
  • League: Master
  • Spawn Location: 7:00

VOD

Have the link to the VOD?

Description

Time

  • Played on: Jan. 2, 2025, 1:19 p.m.
  • Length: 17:28
Show
View Real Time Build Order
Export as new Build Order

DrMandingo Terran - Winner!

Build Orders: Mech 

Get SALT Encoding   

  12  0:05  SCV  
  13  0:17  SCV  
  13  0:20  Supply Depot  
  14  0:29  SCV  
  15  0:41  SCV  
  16  0:43  Barracks  
  16  0:51  Refinery  
  16  0:53  SCV  
  17  1:06  SCV  
  18  1:18  SCV  
  19  1:30  Marine  
  19  1:31  Orbital Command  
  20  1:43  Command Center  
  20  2:01  Refinery  
  20  2:04  Marine  
  20  2:05  Factory  
  21  2:19  Bunker  
  21  2:26  Supply Depot  
  21  2:34  Supply Depot  
  21  2:37  Marine  
  21  2:43  SCV  
  23  2:55  SCV  
  25  3:02  Orbital Command  
  24  3:11  Engineering Bay  
  24  3:13  Marine  
  24  3:16  Factory Tech Lab  
  24  3:19  SCV  
  26  3:31  SCV  
  27  3:39  Bunker  
  27  3:41  SCV  
  28  3:44  SCV  
  29  3:48  Cyclone  
  29  3:55  Marine  
  33  3:56  SCV  
  33  4:00  Starport  
  33  4:01  SCV  
  35  4:08  SCV  
  36  4:13  Marine, SCV  
  38  4:20  Cyclone, SCV  
  42  4:25  SCV  
  43  4:31  Marine  
  43  4:32  SCV  
  43  4:37  SCV  
  46  4:42  Supply Depot  
  46  4:44  SCV  
  47  4:46  Missile Turret  
  47  4:49  Missile Turret, SCV  
  47  4:51  Liberator  
  51  4:53  Siege Tank  
  54  5:04  Supply Depot, SCV x2  
  54  5:05  Supply Depot  
  56  5:16  SCV x2  
  58  5:25  Siege Tank  
  58  5:28  SCV  
  62  5:38  Factory  
  62  5:39  Command Center  
  62  5:41  Barracks Tech Lab, Factory  
  62  5:46  Liberator  
  65  5:52  SCV x2  
  65  5:53  Missile Turret  
  67  6:00  Refinery  
  67  6:03  Supply Depot  
  67  6:04  SCV x2  
  69  6:16  SCV  
  70  6:20  Refinery  
  70  6:23  Supply Depot  
  70  6:26  Supply Depot  
  70  6:29  Armory  
  70  6:39  Starport Reactor  
  70  6:40  Factory Reactor  
  70  6:41  Siege Tank  
  73  6:49  Barracks Reactor  
  73  6:53  SCV x3  
  76  6:55  Siege Tank  
  76  7:32  Thor  
  76  7:34  Hellbat x3  
  76  7:36  Orbital Command  
  88  7:37  Infernal Pre-Igniter  
  88  8:02  SCV x2  
  88  8:03  SCV  
  91  8:06  Hellbat x2, Thor  
  101  8:14  SCV  
  101  8:17  Factory  
  102  8:21  Factory  
  104  8:34  Hellbat x2, Thor  
  104  8:41  Refinery  
  112  8:48  Refinery  
  112  8:57  Orbital Command  
  112  8:59  Terran Vehicle Weapons Level 1  
  112  9:01  SCV x2  
  115  9:07  Factory Tech Lab  
  114  9:10  Hellbat  
  114  9:11  Hellbat x2  
  117  9:19  Supply Depot  
  117  9:41  Hellbat x2, SCV x3  
  117  9:45  Command Center  
  124  9:49  Missile Turret  
  124  9:53  SCV  
  124  9:54  Supply Depot  
  124  9:55  Supply Depot  
  124  9:57  Supply Depot x2  
  124  9:58  Supply Depot  
  124  9:59  Supply Depot  
  125  10:14  Command Center  
  125  10:15  Siege Tank  
  125  10:16  Hellbat x5, Siege Tank  
  141  10:22  Command Center  
  141  10:26  Barracks Reactor  
  141  10:33  Factory  
  141  10:37  Siege Tank  
  141  10:38  Liberator x2  
  154  10:42  Hellbat  
  154  10:43  Hellbat x3  
  154  10:47  Thor  
  154  10:48  Siege Tank  
  167  10:53  Terran Vehicle And Ship Armor Level 1  
  171  11:04  Hellbat x4  
  171  11:08  Thor  
  181  11:18  Missile Turret  
  181  11:20  Siege Tank  
  181  11:21  Refinery  
  186  11:25  Hellbat  
  186  11:26  Factory Tech Lab  
  186  11:28  Orbital Command  
  186  11:30  Siege Tank  
  189  11:46  Hellbat  
  189  11:47  Hellbat, Thor  
  166  13:09  Siege Tank x4  
  152  13:41  Siege Tank x4  
  148  14:03  Hellbat  
  148  14:04  Hellbat x2  
  151  14:13  Siege Tank x4  
  157  14:31  Hellbat x3  
  153  14:45  Siege Tank x4  
  162  14:51  Liberator x2  
  171  14:54  Hellbat x4  
  171  15:15  Hellbat  
  171  15:17  Siege Tank x3  
  182  15:34  Liberator x2  
  185  15:56  Hellbat x4, Siege Tank x2  
  193  16:17  Viking x2  
  191  16:33  Hellbat x2  
  191  16:34  Hellbat x2  
  187  16:47  Viking x2  
  187  16:53  Hellbat x3, Siege Tank  
  189  16:55  Hellbat x4  
Show
View Real Time Build Order
Export as new Build Order

Thalleous Protoss 

Build Orders:  

Get SALT Encoding   

  12  0:00  Probe  
  13  0:12  Probe  
  14  0:18  Pylon  
  14  0:25  Probe  
  15  0:33  Probe  
  15  0:35  Assimilator  
  15  0:41  Probe  
  17  0:51  Probe  
  17  0:55  Gateway  
  18  1:03  Probe  
  19  1:15  Probe  
  20  1:23  Probe  
  20  1:31  Probe  
  21  1:32  Pylon  
  21  1:34  Assimilator  
  22  1:41  Probe  
  22  1:43  Cybernetics Core  
  23  1:52  Zealot  
  23  1:53  Probe  
  26  2:06  Probe, Pylon  
  27  2:18  Probe  
  28  2:25  Stalker, Gateway  
  30  2:30  Probe  
  30  2:35  Robotics Facility  
  31  2:42  Probe, Forge  
  32  2:53  Warp Gate  
  32  3:01  Nexus  
  32  3:03  Probe  
  33  3:06  Protoss Ground Armor Level 1  
  33  3:10  Stalker  
  33  3:15  Probe  
  36  3:27  Probe  
  36  3:30  Robotics Facility  
  37  3:39  Probe  
  38  3:59  Pylon  
  38  4:02  Pylon  
  38  4:07  Probe  
  38  4:09  Stalker  
  39  4:12  Pylon  
  41  4:19  Probe  
  41  4:20  Observer  
  41  4:23  Probe  
  44  4:27  Pylon  
  44  4:30  Gateway  
  45  4:31  Probe  
  45  4:35  Probe  
  46  4:41  Twilight Council  
  46  4:43  Probe  
  47  4:47  Probe  
  47  4:51  Shield Battery  
  48  4:52  Assimilator  
  48  4:55  Assimilator  
  48  4:58  Probe  
  49  5:01  Stalker x2  
  49  5:05  Protoss Ground Weapons Level 1  
  53  5:11  Immortal  
  57  5:24  Robotics Bay  
  57  5:26  Probe x2  
  59  5:35  Stalker  
  61  5:36  Stalker  
  61  5:38  Probe x2  
  64  5:50  Probe  
  64  5:51  Probe, Blink  
  66  6:01  Templar Archives  
  66  6:02  Probe  
  66  6:03  Probe  
  68  6:14  Probe  
  69  6:19  Nexus  
  69  6:20  Stalker x3  
  69  6:22  Pylon  
  75  6:26  Probe x2  
  77  6:38  Probe  
  78  6:45  Zealot x3  
  84  6:49  Colossus  
  90  6:58  Probe  
  86  7:19  Stalker  
  86  7:20  Stalker x2  
  90  7:35  Protoss Ground Armor Level 2  
  90  7:45  Probe x3  
  90  7:47  Colossus  
  99  7:52  Charge  
  99  7:55  Photon Cannon  
  99  7:57  Probe x2, Photon Cannon  
  101  8:04  Zealot, Forge  
  103  8:05  Zealot  
  103  8:06  Zealot  
  103  8:08  Probe  
  103  8:09  Probe  
  109  8:17  Protoss Ground Weapons Level 2  
  109  8:25  Pylon  
  109  8:29  Pylon  
  109  8:41  Pylon  
  109  8:42  Pylon  
  109  8:43  Probe x3  
  111  9:06  Pylon  
  111  9:14  Probe  
  111  9:15  Probe x2  
  114  9:29  Probe x3  
  117  9:41  Probe x3  
  117  9:43  Stalker x2  
  117  9:44  Stalker  
  126  9:48  Assimilator  
  126  9:51  Photon Cannon  
  126  9:52  Protoss Shields Level 1  
  126  9:53  Probe x3, Photon Cannon  
  126  9:56  Photon Cannon  
  129  10:12  Observer, Photon Cannon  
  129  10:13  Robotics Facility  
  130  10:21  Pylon  
  130  10:25  Pylon  
  130  10:26  Assimilator  
  130  10:30  Observer  
  130  10:32  Probe x2  
  130  10:34  Protoss Ground Armor Level 3  
  133  10:37  Nexus  
  133  10:50  Stalker x2  
  133  10:51  Stalker  
  133  10:54  Nexus  
  139  10:58  Pylon  
  139  11:20  Stalker x2  
  139  11:21  Stalker  
  139  11:25  Immortal x2  
  153  11:35  Pylon  
  153  11:40  Pylon  
  153  11:45  Pylon  
  153  11:47  Gateway  
  153  11:50  Pylon  
  153  11:51  Gateway  
  153  11:53  Gateway, Pylon  
  145  12:04  Immortal x2  
  151  12:12  Stalker  
  151  12:13  Stalker x2  
  157  12:23  Protoss Ground Weapons Level 3  
  139  12:55  Stalker x2  
  139  12:56  Stalker x3  
  139  12:57  Stalker  
  91  13:11  Immortal x2  
  97  13:21  Stalker x3  
  97  13:22  Stalker x2  
  97  13:23  Stalker  
  82  13:45  Stalker  
  82  13:46  Stalker x3  
  82  13:47  Stalker x2  
  94  13:49  Disruptor  
  94  13:50  Immortal  
  96  14:09  Stalker  
  94  14:11  Stalker x3  
  94  14:12  Stalker x2  
  94  14:25  Disruptor  
  94  14:29  Immortal  
  82  14:41  Stalker  
  82  14:42  Stalker x2  
  82  14:43  Stalker x2  
  82  14:44  Stalker  
  88  14:59  Protoss Shields Level 2  
  76  15:01  Immortal  
  76  15:06  Stalker x2  
  77  15:07  Stalker x3  
  77  15:08  Stalker  
  77  15:09  Probe  
  79  15:17  Probe  
  77  15:24  Immortal  
  77  15:27  Probe  
  82  15:39  Probe  
  82  15:41  Immortal  
  82  15:42  Stalker x3  
  80  15:43  Stalker x2  
  80  15:44  Stalker  
  78  15:51  Probe  
  67  16:03  Immortal  
  71  16:07  Stalker x2  
  71  16:08  Stalker  
  61  16:25  Probe, Stalker  
  59  16:26  Stalker x2  
  64  16:33  Probe  
  59  16:43  Probe  
  60  16:50  Stalker  
  44  16:55  Probe  
  37  17:07  Probe  
  30  17:16  Zealot x2  
Tags
 
Composition
Mech
Matchup
PvT
Spawn Locations
Cross Positions
Add a new tag
Caveats
  • Supply blocks, unpowered buildings, or Contaminate may cause inaccurate times.
  • Supply counts are checked every 10 seconds.